 Dungeon Crawl Stone Soup version 0.31.0-11-ge490571c62 (webtiles) character file.

Game seed: 10152933326105044056

78 Buffagor the Insei (level 4, 0/48 HPs)
             Began as a Merfolk Shapeshifter on Feb 10, 2024.
             Slain by a gnoll
             ... wielding a +0 whip
              (3 damage)
             ... on level 2 of the Dungeon.
             The game lasted 00:03:31 (1138 turns).

Buffagor the Insei (Merfolk Shapeshifter)           Turns: 1138, Time: 00:03:31

Health: 0/48       AC: 22    Str: 14    XL:     4   Next: 36%
Magic:  4/4        EV:  2    Int:  9    God:
Gold:   80         SH:  0    Dex: 15    Spells: 3/3 levels left

rFire   . . .        o - +0 dagger (venom)
rCold   . . .        (no shield)
rNeg    . . .        a - melded +0 animal skin
rPois   +            (helmet currently unavailable)
rElec   .            (cloak currently unavailable)
rCorr   .            (gloves currently unavailable)
SInv    .            (boots currently unavailable)
Will    .....        (no amulet)
Stlth   +            (no ring)
HPRegen 0.28/turn    (no ring)
MPRegen 0.09/turn

%: no passive effects
@: tree-form
A: stationary, stasis, torment immunity, boosted hp, (nimble swimmer 2),
(mertail)
a: no special abilities


You were on level 2 of the Dungeon.
You were a tree.
You visited 1 branch of the dungeon, and saw 2 of its levels.

You collected 80 gold pieces.

Inventory:

Hand Weapons
 o - a +0 dagger of venom (weapon)
Armour
 a - a +0 animal skin (melded)
 i - a +1 hat of see invisible
Jewellery
 k - an amulet of regeneration
Talismans
 c - a beast talisman
 d - a flux talisman
 r - a maw talisman
Scrolls
 e - a scroll of poison {unknown}
 h - 2 scrolls of noise {unknown}
 m - a scroll of enchant armour {unknown}
 q - a scroll of vulnerability {unknown}
Potions
 f - 3 potions of enlightenment {unknown}
 g - a potion of might {unknown}
 j - a potion of mutation {unknown}
 l - 2 potions of heal wounds {unknown}
 n - a potion of haste {unknown}
 p - a potion of curing {unknown}


   Skills:
 - Level 1.1 Fighting
 - Level 2.6 Dodging
 + Level 5.5 Unarmed Combat
 - Level 4.0 Shapeshifting


You had 3 spell levels left.
You didn't know any spells.
Your spell library contained the following spells:

 Spells                   Type           Power      Damage    Failure   Level
 Mercury Vapours          Alch/Air       0%         N/A       52%         2
 Inner Flame              Hex/Fire       0%         N/A       77%         3
 Mephitic Cloud           Conj/Alch/Air  0%         N/A       77%         3
 Volatile Blastmotes      Fire/Tloc      0%         2d10      77%         3
 Flame Wave               Conj/Fire      0%         2d4       99%         4
 Fulminant Prism          Conj/Alch      0%         3d5       99%         4
 Iskenderun's Mystic Bla  Conj/Tloc      0%         2d3       99%         4
 Sticky Flame             Fire/Alch      0%         2d4       99%         4
 Freezing Cloud           Conj/Ice/Air   0%         6-21      100%        5


Dungeon Overview and Level Annotations

Branches:
Dungeon (2/15)

Altars:


Innate Abilities, Weirdness & Mutations

You are a tree.
Your roots penetrate the ground, keeping you stationary.
You cannot be teleported.
You are immune to unholy pain and torment.
Your maximum health is greatly increased.
Your equipment is partially melded.
((You are very nimble when in or above water. (Stealth+, EV+, Speed+++)))
((Your lower body shifts to a powerful aquatic tail in water.))


Message History

The gnoll is lightly wounded.
The gnoll hits you with a +0 spear.
You are too injured to fight recklessly!
You are too injured to fight recklessly!
Unknown command.
You hit the gnoll.
The gnoll looks as sick as possible!
The gnoll is heavily wounded.
The gnoll hits you with a +0 spear.
You hit the gnoll but do no damage.
The gnoll is heavily wounded.
The gnoll hits you with a +0 spear!
* * * LOW HITPOINT WARNING * * *
You hit the gnoll.
The gnoll looks as sick as possible!
The gnoll is almost dead.
You kill the gnoll!
You closely miss the gnoll. Your punch misses the gnoll.
The gnoll hits you with a +0 whip!
* * * LOW HITPOINT WARNING * * *
The gnoll attacks as it pursues you! The gnoll hits you with a +0 whip.
* * * LOW HITPOINT WARNING * * *
There is an open door here.
The gnoll attacks as it pursues you! The gnoll barely misses you.
Your transformation has ended.
You turn into a tree.
Your +0 animal skin melds into your body.
Your roots penetrate the ground.
The gnoll hits you but does no damage.
You hit the gnoll.
The gnoll is poisoned.
The gnoll is moderately wounded.
You hit the gnoll but do no damage.
The gnoll is poisoned.
The gnoll hits you but does no damage. x2
You hit the gnoll.
The gnoll looks as sick as possible!
The gnoll is severely wounded.
The gnoll hits you with a +0 whip.
* * * LOW HITPOINT WARNING * * *
The gnoll hits you but does no damage.
You hit the gnoll but do no damage.
The gnoll looks even sicker.
The gnoll is lightly wounded.
You kill the gnoll!
The gnoll hits you with a +0 whip.
You die...

#.........#........
#..............#...
#..............+...
##########.....#.#. #
#.....#<## #.###
#.....#... #....###
#.....#gg. #.....#
#.....#... #....♣###
##'####...
#...†)g.######.####...
#.....#....#......'...
##########)..#..###...
#........# ####
#........# ###
#.....#..####..
#..............
######..#.##.##.#


You could see a gnoll (very poisoned).

Vanquished Creatures
  3 gnolls (D:2)
  An adder (D:2)
  2 dart slugs
  3 bats
  3 endoplasms (D:2)
  2 giant cockroaches
  2 goblins (D:1)
  4 hobgoblins
  2 jackals (D:1)
  4 quokkas
  4 ball pythons (D:1)
  3 frilled lizards
  7 kobolds
  4 rats (D:1)
44 creatures vanquished.

Notes
Turn   | Place    | Note
-------+----------+-------------------------------------------
     0 | D:1      | Buffagor the Merfolk Shapeshifter began the quest for the
                  | Orb.
     0 | D:1      | Reached XP level 1. HP: 15/15 MP: 1/1
    94 | D:1      | Reached XP level 2. HP: 15/21 MP: 2/2
    97 | D:1      | Reached skill level 4 in Unarmed Combat
   219 | D:1      | Reached XP level 3. HP: 22/26 MP: 3/3
   669 | D:2      | Reached skill level 5 in Unarmed Combat
   770 | D:2      | Reached XP level 4. HP: 24/32 MP: 4/4
  1130 | D:2      | HP: 1/32 [gnoll/+0 whip (1)]
  1138 | D:2      | Slain by a gnoll

Illustrated notes

Levels and vault maps discovered:
D:1:      roderic_crop_circles_arrival_large, layout_rooms, st_stairs_14
D:2:      layout_basic

Skill      XL: |  1  2  3 |
---------------+----------+-----
Unarmed Combat | 4 5 |  5.5
Fighting       | |  1.1
Dodging        | |  2.6
Shapeshifting  | |  4.0

Action                     |  1- 3 |  4- 6 || total
---------------------------+-------+-------++-------
  Melee: Unarmed           |    94 |     7 ||   101
         Punch             |     1 |     2 ||     3
         Dagger            |       |    22 ||    22
  Throw: Stone             |    15 |     5 ||    20
    Use: Potion            |       |     1 ||     1
 Armour: Animal skin       |    46 |    15 ||    61
         Skin              |       |     6 ||     6
  Dodge: Dodged            |    53 |    11 ||    64
